 Dungeon Crawl Stone Soup version 0.22-a0-429-g97ce8ef (webtiles) character file.

291 Gorglomux the Skirmisher (level 6, -19/36 HPs)
             Began as a Spriggan Berserker on May 25, 2018.
             Killed by the fiery rage of Trog (55 damage)
             ... on level 2 of the Dungeon.
             The game lasted 00:04:18 (3156 turns).

Gorglomux the Skirmisher (Spriggan Berserker)       Turns: 3156, Time: 00:04:19

Health: -19/36     AC:  2    Str: 14    XL:     6   Next: 10%
Magic:  7/7        EV: 20    Int:  8    God:
Gold:   88         SH:  0    Dex: 17    Spells: 5/5 levels left

rFire    . . .     SeeInvis +   a - +0 short sword
rCold    . . .     Gourm    .   (shield restricted)
rNeg     . . .     Faith    .   l - +0 animal skin
rPois    .         Spirit   .   (helmet restricted)
rElec    .         Reflect  .   (no cloak)
rCorr    .         Harm     .   (gloves unavailable)
MR       +....                  (boots unavailable)
Stlth    ++........             (no amulet)
HPRegen  0.12/turn              (no ring)
MPRegen  0.10/turn              (no ring)

@: very quick
A: very small, unfitting armour, see invisible, herbivore, speed 3, slow
metabolism 2
a: no special abilities


You were on level 2 of the Dungeon.
You were not hungry.

You visited 1 branch of the dungeon, and saw 3 of its levels.

You collected 88 gold pieces.

Inventory:

Hand Weapons
 a - a +0 short sword (weapon)
 b - a +0 hunting sling
Missiles
 m - 49 stones (quivered)
Armour
 l - a +0 animal skin (worn)
Wands
 q - a wand of flame (24)
Scrolls
 e - 2 scrolls of enchant weapon {unknown}
 f - a scroll of amnesia {unknown}
 g - 4 scrolls of identify {unknown}
 i - a scroll of teleportation {unknown}
 j - 2 scrolls of random uselessness {unknown}
 k - 5 scrolls of remove curse {unknown}
 r - a scroll of fear {unknown}
Potions
 d - a potion of resistance {unknown}
 h - 3 potions of heal wounds
 n - a potion of curing {unknown}
 o - a potion of degeneration {unknown}
 p - a potion of magic
Comestibles
 c - 4 rations


   Skills:
 + Level 5.7 Fighting
 - Level 3.2 Short Blades
 - Level 4.4 Dodging


You had 5 spell levels left.
You didn't know any spells.
Your spell library contained the following spells:

 Spells                   Type           Power        Failure   Level  Hunger
 Spider Form              Tmut/Pois      #.........   78%         3    ####...
 Blade Hands              Tmut           #.........   100%        5    ######.
 Ice Form                 Ice/Tmut       #.......     99%         4    #####..
 Sticks to Snakes         Tmut           #.......     54%         2    ###....
 Beastly Appendage        Tmut           #.....       41%         1    ##.....


Dungeon Overview and Level Annotations

Branches:
Dungeon (3/15)

Altars:
Xom


Innate Abilities, Weirdness & Mutations

You are very small and have problems with some larger weapons.
You are too small for most types of armour.
You have supernaturally acute eyesight. (SInv)
You are a herbivore.
You cover ground extremely quickly.
You need to consume almost no food.


Message History

You have reached level 6!!!
Your experience butts to an increase in your attributes!!!
Increase (S)trength, (I)ntelligence, or (D)exterity?
You feel stronger!
There is a stone staircase leading up here!
You climb upwards!
There is a stone staircase leading down here!
You start resting!
HP restored!
There is an open door here!
You start waiting!
Trog's voice booms out, "Feel my wrath!!!"
You suddenly pass out!!!
You can move again!
You start waiting!
You feel Trog's fiery rage upon you!!!
There is a sudden and violent explosion of flames!!!
The fireball engulfs you!!!
DANG rip

##....###......##
########...[....# #
#......#.# #
#........#
#......###
#.#.##.########
#####.#.##........#
#.................#
##'########...@....#
###...# #........#
......# ##########
###...### #.....#
##....# #....#
#....# #....#


There were no monsters in sight!

Vanquished Creatures
  Sigmund (D:3)
  A centaur skeleton (D:3)
  3 adders
  2 oozes (D:2)
  2 dart slugs
  2 leopard geckos (D:2)
  A ball python (D:2)
  7 giant cockroaches
  9 goblins
  6 hobgoblins
  8 bats
  3 frilled lizards
  5 kobolds
  4 rats
54 creatures vanquished.

Notes
Turn   | Place    | Note
-------+----------+-------------------------------------------
     0 | D:1      | Gorglomux the Spriggan Berserker began the quest for the Orb.
     0 | D:1      | Reached XP level 1. HP: 11/11 MP: 2/2
     0 | D:1      | Fell from the grace of Trog
    77 | D:1      | Reached XP level 2. HP: 6/16 MP: 3/3
    80 | D:1      | Reached skill level 3 in Fighting
  1211 | D:1      | Reached XP level 3. HP: 16/16 MP: 4/4
  1834 | D:2      | Reached skill level 4 in Fighting
  1919 | D:2      | Reached XP level 4. HP: 16/21 MP: 5/5
  2283 | D:2      | Found a shimmering altar of Xom.
  2831 | D:2      | Noticed a black bear
  2831 | D:2      | Noticed a black bear
  2831 | D:2      | Noticed a black bear
  2831 | D:2      | Noticed a polar bear
  2831 | D:2      | Noticed a polar bear
  2974 | D:3      | Noticed Sigmund
  3004 | D:3      | Killed Sigmund
  3004 | D:3      | Reached skill level 5 in Fighting
  3004 | D:3      | Reached XP level 5. HP: 28/32 MP: 6/6
  3004 | D:3      | Reached XP level 6. HP: 32/36 MP: 7/7
  3111 | D:2      | Paralysed by Trog for 3 turns
  3156 | D:2      | Killed by the fiery rage of Trog

Vault maps used:
D:1:      dpeg_arrival_pits
D:2:      marbit_many_paths
D:3:      minmay_misc_feat_alley, hangedman_feature_mirror, uniq_sigmund

Skill      XL: |  1  2  3  4 |
---------------+-------------+-----
Fighting       | 3 4 5 |  5.7
Short Blades   | |  3.2
Dodging        | |  4.4

Action                   |  1- 3 |  4- 6 || total
-------------------------+-------+-------++-------
Melee: Short sword       |   151 |    52 ||   203
 Fire: Hunting sling     |    13 |       ||    13
Invok: Renounce Religion |     1 |       ||     1
Evoke: Wand              |       |    12 ||    12
  Use: Potion            |       |     3 ||     3
 Stab: Sleeping          |     4 |     1 ||     5
Armor: Animal skin       |    13 |     5 ||    18
Dodge: Dodged            |   144 |    47 ||   191

Table legend:
 A = Spawn XP
 B = Non-spawn XP
 C = Spawn XP percentage of total XP
 D = Spawn monster count
 E = Non-spawn monster count
 F = Spawn count percentage of total count
 G = Total turns spent on level
                    A         B        C        D         E        F      G
               +---------+---------+-------+---------+---------+-------+---------
         Total |       0 |     416 |   0.0 |       0 |      54 |   0.0 |  3156
               +---------+---------+-------+---------+---------+-------+---------
           D:1 |       0 |      58 |   0.0 |       0 |      27 |   0.0 |  1472
           D:2 |       0 |      67 |   0.0 |       0 |      23 |   0.0 |  1371
           D:3 |       0 |     291 |   0.0 |       0 |       4 |   0.0 |   313
               +---------+---------+-------+---------+---------+-------+---------
